AoeStats
← zdary

Arena

505589811Analyzed
1v1 RM · 22d ago on Sep 10, 2026· 72m 9s· 2 players
Game mode
Random Map
Map size
Tiny (2 player)
Population
200
Speed
Normal
Resources
Standard
Victory
Conquest
Starting age
Dark Age
Ending age
Imperial Age
RankedLock teamsTeams togetherTeam positionsShared explorationLock speedFull tech treeHidden civsTurbo modeCheats
Victory
Defeat
🇨🇱 Chinese · Chile
524
+12
🇺🇸 Khmer · United States
425
-12
Massappeel
11:54 Loom
14:23 Feudal Age
15:39 Double-Bit Axe
15:49 Gold Mining
15:55 Stone Mining
16:15 Horse Collar
16:01 Man-at-Arms
16:29 Arson
17:05 Town Watch
18:37 Wheelbarrow
23:24 Castle Age
22:09 Forging
22:01 Scale Mail Armor
23:14 Bloodlines
24:12 Heavy Plow
24:54 Gold Shaft Mining
25:18 Stone Shaft Mining
26:12 Scale Barding Armor
26:25 Chain Mail Armor
26:46 Iron Casting
27:20 Bow Saw
27:12 Murder Holes
27:09 Guard Tower
27:48 Long Swordsman
27:50 Pikeman
28:37 Crossbowman
28:41 Elite Skirmisher
30:03 Padded Archer Armor
29:54 Fletching
31:13 Masonry
31:23 Town Patrol
31:42 Husbandry
31:06 Light Cavalry
32:34 Hand Cart
32:51 Chain Barding Armor
39:30 Imperial Age
39:26 Ballistics
39:19 Fortified Wall
39:15 Devotion
41:11 Hoardings
40:21 Elite Ballista Elephant
42:22 Elite Battle Elephant
43:55 Tusk Swords
43:30 Sappers
44:30 Two-Handed Swordsman
44:35 Arbalester
47:56 Double Crossbow
48:57 Cavalier
62:02 Architecture
zdary
12:23 Feudal Age
13:45 Wheelbarrow
12:53 Horse Collar
13:00 Double-Bit Axe
13:07 Town Watch
14:35 Town Watch
14:36 Loom
16:08 Gold Mining
16:11 Stone Mining
22:45 Castle Age
23:05 Bloodlines
24:23 Fervor
24:35 Husbandry
27:25 Heavy Plow
31:14 Hand Cart
31:46 Bow Saw
32:40 Stone Shaft Mining
33:21 Padded Archer Armor
33:11 Fletching
33:49 Town Patrol
37:17 Gold Shaft Mining
36:57 Thumb Ring
37:11 Leather Archer Armor
36:51 Bodkin Arrow
39:33 Ballistics
39:25 Masonry
39:25 Fortified Wall
39:11 Murder Holes
42:52 Imperial Age
41:39 Squires
41:00 Pikeman
43:10 Great Wall
44:45 Two-Man Saw
43:56 Bracer
44:26 Ring Archer Armor
44:35 Conscription
44:47 Heavy Rocket Cart
45:32 Elite Skirmisher
47:53 Chemistry
47:23 Architecture
46:44 Guard Tower
46:44 Heated Shot
46:40 Arrowslits
47:00 Elite Chu Ko Nu
48:26 Rocketry
48:27 Forging
48:17 Scale Mail Armor
59:11 Keep
58:57 Bombard Tower
59:13 Iron Casting
58:54 Chain Mail Armor
58:44 Scale Barding Armor
64:22 Crossbowman
64:22 Heavy Cavalry Archer
64:24 Cavalier
64:25 Light Cavalry
65:10 Devotion
65:11 Atonement
65:37 Illumination
65:27 Block Printing
65:08 Herbal Medicine
65:48 Theocracy
65:34 Sanctity
65:53 Theocracy
65:38 Sanctity
65:34 Careening
65:34 Clinker Construction
65:44 Shipwright
65:30 Siphons
66:30 Blast Furnace
66:00 Plate Mail Armor
65:50 Chain Barding Armor
64:57 Arbalester
65:46 Halberdier
65:46 Man-at-Arms
66:11 Arson
65:47 Elite Fire Lancer
66:02 Sappers
66:48 Caravan
67:18 Coinage
67:11 Dry Dock
70:44 Banking
70:38 Faith
69:47 Long Swordsman
Connection lost

Rejoining the realm…

Still unreachable

The connection could not be restored.

Session expired

The server has moved on; the page needs a fresh start.